 Dungeon Sprint DCSS version 0.31-a0-365-gcf821cafb2 (webtiles) character file.

Game seed: 5259507408929867818

868 rocky1 the Mimic (level 7, -14/53 HPs)
             Began as a Demonspawn Shapeshifter on July 28, 2023.
             Was a Believer of Qazlal.
             Shot with an arrow by a deep elf archer (24 damage)
             ... in the Dungeon (Sprint V: "Ziggurat Sprint").
             The game lasted 00:02:40 (672 turns).

rocky1 the Mimic (Demonspawn Shapeshifter)           Turns: 672, Time: 00:02:41

Health: -14/53     AC: 16    Str: 23    XL:     7   Next: 73%
Magic:  4/12       EV:  8    Int: 10    God:    Qazlal [**....]
Gold:   0          SH:  3    Dex: 19    Spells: 6/6 levels left

rFire   . .          .
                       - Unarmed
rCold   . . .        (no shield)
rNeg    . . .        D - +5 plate armour
rPois   .            (helmet currently unavailable)
rElec   .            (cloak currently unavailable)
rCorr   .            (gloves currently unavailable)
SInv    .            (boots currently unavailable)
Will    .....        J - amulet of magic regeneration Stlth
                     t - +6 ring of dexterity
HPRegen 0.28/turn    x - +6 ring of strength
MPRegen 0.53/turn

%: no teleportation
@: beast-form
A: beast (slay +6), horns 1, powered by death 1, demonic magic 2, weakness
stinger 1
a: Begin Untransformation, Renounce Religion, Upheaval


You were in the Dungeon.
You worshipped Qazlal.
Qazlal was pleased with you.
You were a hulking beast.
You visited 1 branch

Inventory:

Hand Weapons
 K - the +6 dagger "Caeqeos" {protect, rElec rPois rC++}
   (You found it in the Dungeon)

   rC:        It greatly protects you from cold.
   rElec:     It insulates you from electricity.
   rPois:     It protects you from poison.
 L - the +7 mace of Disharmony {venom, rC+}
   (You found it in the Dungeon)

   rC:        It protects you from cold.
Armour
 a - a +0 animal skin
 C - +5 gold dragon scales
 D - a +5 plate armour (worn)
 E - a +5 crystal plate armour
 I - a +3 leather armour of poison resistance
Jewellery
 s - a ring of flight
 t - a +6 ring of dexterity (left hand)
 u - a +6 ring of dexterity
 v - a +6 ring of intelligence
 w - a +6 ring of intelligence
 x - a +6 ring of strength (right hand)
 y - a +6 ring of strength
 J - an amulet of magic regeneration (around neck)
Talismans
 c - a beast talisman
 F - a blade talisman
 G - a maw talisman
 H - a serpent talisman
Wands
 z - a wand of mindburst (6)
 A - a wand of iceblast (5)
 B - a wand of acid (7)
Scrolls
 i - 4 scrolls of blinking
 o - 4 scrolls of amnesia
 p - 7 scrolls of fog
 q - 5 scrolls of identify
 r - 2 scrolls of fear
Potions
 b - a potion of lignification
 d - 9 potions of curing
 e - 9 potions of heal wounds
 f - 6 potions of haste
 g - 7 potions of magic
 h - 2 potions of berserk rage
 j - 2 potions of brilliance
 k - 2 potions of invisibility
 l - 4 potions of resistance
 n - 5 potions of might
Miscellaneous
 m - a lightning rod (4/4)


   Skills:
 + Level 3.8 Fighting
 + Level 2.6 Armour
 + Level 3.7 Dodging
 + Level 0.1 Shields
 * Level 8.6 Unarmed Combat
 * Level 7.9 Invocations
 * Level 5.0 Evocations
 * Level 8.8 Shapeshifting


You had 6 spell levels left.
You didn't know any spells.
Your spell library contained the following spells:

 Spells                   Type           Power      Damage    Failure   Level
 Dazzling Flash           Conj/Hex       0%         N/A       100%        3
 Agony                    Necr           0%         N/A       100%        5
 Silence                  Hex/Air        0%         N/A       100%        5


Dungeon Overview and Level Annotations

Branches:
Dungeon (1/1)

Altars:
Ashenzari
Cheibriados
Dithmenos
Fedhas
Gozag
Hepliaklqana
Kikubaaqudgha
Makhleb
Nemelex Xobeh
Okawaru
Qazlal
Ru
Sif Muna
Trog
Uskayaw
Vehumet
Wu Jian
Xom
Yredelemnul
Jiyva
Lugonu

Annotations:
D 1 transporter


Innate Abilities, Weirdness & Mutations

You are a hulking beast.
Your limbs bulge with bestial killing power. (Slay +6)
You have a pair of small horns on your head.
You regenerate a little health from kills.
Spells you cast may paralyse nearby enemies.
You have a small tail.


Message History

The deep elf archer unwields a +0 short sword.
The deep elf archer wields a +0 shortbow.
The deep elf archer shoots an arrow.
You block the arrow.
The deep elf archer unwields a +0 dagger.
The deep elf archer wields a +0 shortbow.
The deep elf archer shoots an arrow.
The arrow hits you.
Found four items.
Found a transporter.
Aiming: Upheaval
Press: ? - help, Dir - move target, f - deep elf archer
Aim: a deep elf archer, wielding a +0 shortbow and wearing a +0 leather armour (repelling missiles)
A blizzard blasts the area with ice!
The blast of ice hits the deep elf archer!!
The deep elf archer is heavily wounded.
The deep elf archer is flash-frozen.
The deep elf archer shoots an arrow.
The arrow hits you!!
Unknown command.
Aiming: Upheaval
Press: ? - help, Dir - move target, f - deep elf archer, p - deep elf archer
Aim: a deep elf archer, wielding a +0 short sword and wearing a +0 leather armour (repelling missiles)
A blizzard blasts the area with ice!
The blast of ice hits the deep elf archer!
The deep elf archer is moderately wounded.
The deep elf archer is flash-frozen.
The blast of ice hits the deep elf archer!!
The deep elf archer is almost dead.
You block the +1 halberd of protection's attack.
Unknown command.
Aiming: Upheaval
Press: ? - help, Dir - move target, f - +1 halberd of protection, p - deep elf archer
Aim: a +1 halberd of protection The ground shakes violently, spewing rubble!
The blast of rubble hits the +1 halberd of protection!
The +1 halberd of protection is moderately damaged.
The blast of rubble hits the deep elf archer!
The deep elf archer is heavily wounded.
The deep elf archer is no longer encased in ice. x2
The +1 halberd of protection hits you from afar!
* * * LOW HITPOINT WARNING * * *
The deep elf archer shoots an arrow.
The arrow hits you!!
You die...

▓..©..▓..©..▓▓▓▓▓▓▓
▓▓▓▓▓▓▓▓▓▓▓▓▓▓
▓..8©8...▓
▓..}:|...▓
▓...e....▓
▓....e...▓
..e(....▓
▓.▓....▓.▓
▓...h....▓
▓▓▓▓▓▓▓▓▓▓


You could see 3 deep elf archers and a +1 halberd of protection.

Vanquished Creatures
  2 tarantellas (D)
  A spriggan (D)
  2 black bears (D)
  A wolf (D)
  A scorpion (D)
  An adder (D)
  A ball python (D)
9 creatures vanquished.

Notes
Turn   | Place    | Note
-------+----------+-------------------------------------------
     0 | D        | rocky1 the Demonspawn Shapeshifter began the quest for the
                  | Orb.
     0 | D        | Reached XP level 1. HP: 15/15 MP: 1/1
     0 | D        | Found a shimmering blue altar of Sif Muna.
     0 | D        | Found a bloodstained altar of Trog.
     0 | D        | Found a sacrificial altar of Ru.
     0 | D        | Found a stormy altar of Qazlal.
     0 | D        | Found an iron altar of Okawaru.
     1 | D        | Found a sparkling altar of Nemelex Xobeh.
     1 | D        | Found a blossoming altar of Fedhas.
     1 | D        | Found the +6 Majin-Bo {spellvamp, MP+6 Int+6}
     1 | D        | Found the +27 heavy crossbow "Sniper" {heavy, Acc+∞ SInv}
     1 | D        | Found the +10 dark maul {heavy}
     1 | D        | Found the +15 Maxwell's patent armour {-Cast -Tele rElec
                  | Will+ rCorr}
     1 | D        | Found the +18 shield of the Gong {Loud rN+ Will+ rCorr
                  | EV-5}
     1 | D        | Found the +16 obsidian axe {drain, demonic, Mesm Drain Fly
                  | SInv}
     1 | D        | Found the +7 great mace "Firestarter" {flame, immolate,
                  | rFlCloud rF++}
     1 | D        | Found the +6 shillelagh "Devastator" {shatter}
     1 | D        | Found the +11 plutonium sword {Contam Stlth-}
     1 | D        | Found the +8 lance "Wyrmbane" {slay drac, rPois rF+ rC+
                  | AC+3}
     1 | D        | Found the +9 sword of Zonguldrok {reap}
     1 | D        | Found the +13 scythe of Curses {drain, curses, Drain}
     1 | D        | Found the +9 sword of Power {lifebolt}
     1 | D        | Found the +7 mace of Variability {chaos, chaos arc}
     1 | D        | Found the +11 Singing Sword {sonic wave}
     1 | D        | Found the +8 storm bow {elec, penet}
     3 | D        | Found a transporter.
     3 | D        | Found an ancient bone altar of Kikubaaqudgha.
     3 | D        | Found a viscous altar of Jiyva.
     3 | D        | Found a corrupted altar of Lugonu.
     3 | D        | Found a hazy altar of Hepliaklqana.
     3 | D        | Found a burning altar of Makhleb.
     3 | D        | Found an opulent altar of Gozag.
    22 | D        | Became a worshipper of Qazlal Stormbringer
    74 | D        | Reached skill level 1 in Armour
    74 | D        | Discovered your monstrous ancestry.
    74 | D        | Gained mutation: You have a pair of small horns on your
                  | head. [demonic ancestry]
    74 | D        | Reached XP level 2. HP: 23/23 MP: 1/5
    75 | D        | Entered arena 2.
    75 | D        | Found a transporter.
   231 | D        | Entered arena 3.
   231 | D        | Noticed a tarantella
   231 | D        | Noticed a tarantella
   231 | D        | Noticed a scorpion
   231 | D        | Found a transporter.
   233 | D        | Killed a tarantella
   233 | D        | Reached * piety under Qazlal
   234 | D        | Reached skill level 5 in Invocations
   234 | D        | Reached XP level 3. HP: 26/28 MP: 7/7
   234 | D        | Gained mutation: Spells you cast may paralyse adjacent
                  | enemies. [demonic ancestry]
   234 | D        | Reached XP level 4. HP: 32/34 MP: 8/8
   234 | D        | Gained mutation: You regenerate a little health from kills.
                  | [demonic ancestry]
   234 | D        | Reached XP level 5. HP: 38/40 MP: 9/9
   240 | D        | Killed a tarantella
   241 | D        | Gained mutation: Spells you cast may paralyse nearby
                  | enemies. [demonic ancestry]
   241 | D        | Reached XP level 6. HP: 30/47 MP: 9/11
   606 | D        | Entered arena 4.
   606 | D        | Noticed a spriggan
   606 | D        | Found a transporter.
   610 | D        | Reached ** piety under Qazlal
   611 | D        | Gained mutation: You have a small tail. [demonic ancestry]
   611 | D        | Reached XP level 7. HP: 52/52 MP: 12/12
   612 | D        | Killed a spriggan
   620 | D        | Reached skill level 5 in Evocations
   663 | D        | Got the +6 dagger "Caeqeos" {protect, rElec rPois rC++}
   666 | D        | Got the +7 mace of Disharmony {venom, rC+}
   669 | D        | Entered arena 5.
   669 | D        | Noticed a +1 halberd of protection
   669 | D        | Noticed a deep elf archer
   669 | D        | Noticed a deep elf archer
   669 | D        | Noticed a deep elf archer
   669 | D        | Found a transporter.
   672 | D        | Shot with an arrow by a deep elf archer

Illustrated notes

Levels and vault maps discovered:
D:        sprint_v [room_start, room_1, room_2, room_3, room_4, room_5, room_6,
          room_7, room_8, room_9, room_10, room_11, room_12, room_13, room_14,
          room_15, room_16, room_17, room_18, room_19, room_20, room_21,
          room_22, room_23, room_24, room_25, room_26, room_27]

Skill      XL: |  1  2  3  4  5  6  7 |
---------------+----------------------+-----
Fighting       | 2 3 |  3.8
Armour         | 1 2 |  2.6
Dodging        | 2 3 |  3.7
Unarmed Combat | 4 6 7 8 |  8.6
Invocations    | 4 5 6 7 |  7.9
Shapeshifting  | 3 6 7 8 |  8.8
Evocations     | 2 3 4 5 |  5.0
Shields        | |  0.1

Action                     |  1- 3 |  4- 6 |  7- 9 || total
---------------------------+-------+-------+-------++-------
  Melee: Unarmed           |     3 |    11 |     8 ||    22
         Headbutt          |       |     1 |     2 ||     3
 Invoke: Upheaval          |       |       |     3 ||     3
  Evoke: Wand              |     2 |     1 |       ||     3
    Use: Potion            |     1 |     3 |       ||     4
 Armour: Plate armour      |     2 |    12 |     8 ||    22
  Dodge: Dodged            |       |     3 |     8 ||    11
  Block: Other             |       |     2 |     4 ||     6

Table legend: (Time is in decaauts)
 A = Elapsed time spent in this place.
 B = Non-inter-level travel time spent in this place.
 C = Inter-level travel time spent in this place.
 D = Time resting spent in this place.
 E = Time spent auto-exploring this place.
 F = Levels seen in this place.
 G = Mean time per level.
                   A        B        C        D        E       F      G
               +--------+--------+--------+--------+--------+-----+--------+
         Total |    676 |    676 |      0 |    511 |      0 |   1 |  676.0 |
       Dungeon |    676 |    676 |      0 |    511 |      0 |   1 |  676.0 |
               +--------+--------+--------+--------+--------+-----+--------+

Top non-repeatable levels by time:
       D: 676 daAuts
